 Dungeon Crawl Stone Soup version 0.23.0-3-gf3c87f2 (webtiles) character file.

Game seed: 13738717786141024224

57931 Zanta616 the Covert (level 14, -10/76 HPs)
             Began as a Spriggan Venom Mage on Feb 22, 2019.
             Was the Champion of Dithmenos.
             Mangled by a spriggan rider
             ... wielding the +5 trident "Xaluc" {pierce, *Drain Dex+3}
              (13 damage)
             ... on level 3 of the Lair of Beasts on Feb 23, 2019.
             The game lasted 01:20:34 (24450 turns).

Zanta616 the Covert (Spriggan Venom Mage)          Turns: 24450, Time: 01:20:35

Health: -10/76     AC: 15    Str: 13    XL:     14   Next: 47%
Magic:  18/18      EV: 29    Int: 22    God:    Dithmenos [******]
Gold:   1364       SH:  0    Dex: 16    Spells: 8/29 levels left

rFire    . . .     SeeInvis +   a - +4 quick blade "Beetle's Demise" {distort, rPois MP-9 Str+5 Int+4}
rCold    . . .     Gourm    .   (shield restricted)
rNeg     . . .     Faith    .   H - +4 troll leather armour
rPois    +         Spirit   .   (helmet restricted)
rElec    .         Reflect  .   P - +2 cloak
rCorr    .         Harm     .   (gloves unavailable)
MR       ++...                  (boots unavailable)
Stlth    +++++++++.             t - amulet of regeneration
HPRegen  1.02/turn              C - +2 ring of evasion
MPRegen  0.16/turn              p - +4 ring of protection

@: about to teleport, wreathed by umbra, very quick
A: very small, unfitting armour, see invisible, herbivore, speed 3, slow
metabolism 2
a: Shadow Step, Shadow Form, Renounce Religion


You were on level 3 of the Lair of Beasts.
You worshipped Dithmenos.
Dithmenos was exalted by your worship.
You were hungry.

You visited 3 branches of the dungeon, and saw 19 of its levels.
You also visited: Ossuary and Bailey.

You collected 1364 gold pieces.

Inventory:

Hand Weapons
 a - the +4 quick blade "Beetle's Demise" (weapon) {distort, rPois MP-9 Str+5 Int+4}
   (You acquired it on level 9 of the Dungeon)

   It warps and distorts space around it.
   Unwielding it can cause banishment or high damage.
   It affects your strength (+5).
   It affects your intelligence (+4).
   It protects you from poison.
   It affects your magic capacity (-9).
 G - a +5 demon blade of draining
Missiles
 f - 3 throwing nets (quivered)
Armour
 o - a +1 robe of magic resistance
 B - a +1 robe of fire resistance
 H - a +4 troll leather armour (worn)
 M - a +1 robe of cold resistance
 P - a +2 cloak (worn)
Jewellery
 j - an uncursed ring of poison resistance
 p - a +4 ring of protection (right hand)
 t - an amulet of regeneration (around neck)
 C - a +2 ring of evasion (left hand)
 E - an uncursed ring of positive energy {unknown}
 F - an uncursed ring of see invisible {unknown}
Wands
 q - a wand of digging (3)
 v - a wand of polymorph (19)
 D - a wand of random effects (17)
 N - a wand of disintegration (17)
 O - a wand of acid (9)
Scrolls
 d - 8 scrolls of fog
 g - 9 scrolls of remove curse
 h - 13 scrolls of teleportation
 i - 5 scrolls of identify
 n - 2 scrolls of amnesia
 y - a scroll of silence
 J - a scroll of magic mapping
 K - 2 scrolls of brand weapon {unknown}
Potions
 b - 2 potions of agility
 e - 3 potions of lignification
 k - 4 potions of mutation
 m - 5 potions of curing
 r - 2 potions of haste
 s - 8 potions of invisibility
 u - 2 potions of resistance
 x - a potion of flight
 z - 3 potions of cancellation
 A - 4 potions of might
 I - a potion of heal wounds
 L - a potion of brilliance
Miscellaneous
 l - a box of beasts
Comestibles
 c - 26 rations


   Skills:
 + Level 9.9 Fighting
 - Level 10.0(10.4) Short Blades
 + Level 3.6(6.1) Long Blades
   Level 2.3 Maces & Flails
 + Level 3.6 Armour
 - Level 12.0 Dodging
 + Level 13.8 Stealth
 - Level 8.1 Spellcasting
 - Level 4.0 Conjurations
 + Level 6.3 Transmutations
 - Level 4.0 Air Magic
 - Level 4.0 Earth Magic
 - Level 8.0 Poison Magic
 + Level 4.8 Invocations
 - Level 8.0 Evocations


You had 8 spell levels left.
You knew the following spells:

 Your Spells              Type           Power        Failure   Level  Hunger
a - Sting                 Conj/Pois      ####         1%          1    None
b - Poisonous Vapours     Pois/Air       #####.       1%          2    None
c - Mephitic Cloud        Conj/Pois/Air  ####....     3%          3    None
d - Olgreb's Toxic Radia  Pois           #####...     3%          4    ###....
e - Venom Bolt            Conj/Pois      #####.....   22%         5    #####..
f - Petrify               Tmut/Erth      ####....     11%         4    ###....
g - Confusing Touch       Hex            #.....       9%          1    None
h - Apportation           Tloc           #.....       9%          1    None

Your spell library contained the following spells:

 Spells                   Type           Power        Failure   Level  Hunger
 Animate Skeleton         Necr           N/A          9%          1    None
 Infusion                 Chrm           #...         9%          1    None
 Summon Small Mammal      Summ           #...         9%          1    None
 Shroud of Golubria       Chrm/Tloc      #.........   14%         2    None
 Song of Slaying          Chrm           #.......     14%         2    None
 Confuse                  Hex            #.......     26%         3    None
 Gell's Gravitas          Tloc           #.........   26%         3    None
 Regeneration             Chrm/Necr      #.........   26%         3    None
 Spectral Weapon          Hex/Chrm       #.......     26%         3    None
 Yara's Violent Unravell  Hex/Tmut       ###.......   56%         5    #####..
 Metabolic Englaciation   Hex/Ice        #.........   94%         5    #####..


Dungeon Overview and Level Annotations

Branches:
Dungeon (15/15)            Temple (1/1) D:5            Lair (3/6) D:11
    Orc (0/2) D:10         Vaults (0/5) D:14         Depths (0/5) D:15
  Swamp: Lair:2-4    Shoals: Lair:2-4     Snake: Lair:2-4    Spider: Lair:2-4

Altars:
Ashenzari
Cheibriados
Dithmenos
Elyvilon
Fedhas
Gozag
Hepliaklqana
Kikubaaqudgha
Makhleb
Nemelex Xobeh
Okawaru
Qazlal
Ru
Sif Muna
Trog
Uskayaw
Vehumet
Wu Jian
Xom
Yredelemnul
Zin
The Shining One

Annotations:
Lair:1 vishdafish's ghost, journeyman GnSk
Lair:3 Efyw's ghost, journeyman MiFi
Abyss:1 Rupert


Innate Abilities, Weirdness & Mutations

You are very small and have problems with some larger weapons.
You are too small for most types of armour.
You have supernaturally acute eyesight. (SInv)
You are a herbivore.
You cover ground extremely quickly.
You need to consume almost no food.


Message History

The spriggan rider is heavily wounded.
You puncture the spriggan rider!
Space bends around the spriggan rider.
You kill the spriggan!
Dithmenos accepts your kill.
The hornet is moderately wounded.
You hit the hornet but do no damage.
The hornet is moderately wounded.
The hornet blinks!
Your shadow misses the hornet.
The spriggan rider hits you from afar with the +5 trident "Xaluc" {pierce, *Drain Dex+3}!!
* * * LOW HITPOINT WARNING * * *
x2 You closely miss the hornet.
The hornet is moderately wounded.
The hornet stings you.
* * * LOW HITPOINT WARNING * * *
Okay, then.
As you read the scroll of teleportation, it crumbles to dust.
You feel strangely unstable. The hornet stings you!
* * * LOW HITPOINT WARNING * * *
The spriggan rider hits you from afar with the +5 trident "Xaluc" {pierce, *Drain Dex+3}!
You die...

##...# #P..# ##.#####...[#. ##
#....# ##.P# ## #.....+.
.######...# #.## #.....#
.##.###...## #.# ##......
...........## #.# #.......
............###.# #......†
#..#.#..........###########......
#.####.#........##.##P.##........
.## ##........y@Wi..............
.# #.....##.###H.........†..( .#
#...###### #.§...§##..#... ##
####...### #####iW§§§§.......
#####.##.....###..#.§§§§§§.....P.
#P#.#..#............§§§§§........
.....................§§§§P.....).
................##...§§§§+.....[.
..............#####.......#.#.#..


You could see a spriggan rider, a hornet, Efyw's ghost and a friendly mature
stingox beast.

Vanquished Creatures
  Frances (D:13)
  Snorg (D:13)
  Josephine (D:11)
  Fannar (Lair:2)
  A hydra (Lair:1)
  Harold (D:7)
  A catoblepas (Lair:2)
  Erolcha (D:12)
  A centaur warrior (D:13)
  A dancing weapon (D:14)
  2 death knights
  3 two-headed ogres
  Urug (Lair:2)
  A hell knight (D:15)
  Sonja (D:11)
  A wizard (D:11)
  An unseen horror (D:14)
  2 orc knights (Bailey)
  Pikel (D:8)
  6 ugly things
  A deep elf mage (D:14)
  An oklob plant (Lair:1)
  A manticore (D:15)
  4 cyclopes
  5 centaur zombies
  4 black mambas
  4 spiny frogs (Lair:1)
  4 gargoyles (D:12)
  4 freezing wraiths
  A komodo dragon (D:15)
  3 kobold demonologists
  A yaktaur (D:15)
  A tengu conjurer (D:15)
  2 trolls
  A queen bee (Lair:2)
  4 polar bears
  A dream sheep (Lair:1)
  9 hippogriffs
  2 shadows (D:14)
  A spriggan (Lair:3)
  4 wraiths
  A vampire (D:14)
  3 wyverns
  A human (D:7)
  20 yaks
  5 basilisks
  4 hogs (D:7)
  A hungry ghost (D:11)
  2 vampire mosquitoes (D:14)
  2 acid dragons (D:15)
  10 water moccasins
  2 porcupines
  18 orc warriors
  3 black bears
  4 ice beasts
  A hornet zombie (D:13)
  A phantom (D:6)
  5 sky beasts
  A necrophage (D:6)
  7 ogres
  7 wolves
  8 crocodiles
  5 centaurs
  A big kobold (D:13)
  16 bullfrogs
  A wyvern skeleton (D:11)
  2 scorpions
  22 killer bees
  12 howler monkeys
  4 wights (D:9)
  7 electric eels
  10 crimson imps
  3 quasits (D:5)
  3 bullfrog zombies
  A jelly (D:8)
  8 orc priests
  Crazy Yiuf (D:6)
  5 hounds
  10 orc wizards
  4 bullfrog skeletons
  2 centaur skeletons
  Ijyb (D:4)
  4 iguanas
  8 worker ants
  A killer bee zombie (D:9)
  A big kobold zombie (Ossuary)
  9 mummies
  A worker ant zombie (D:9)
  4 gnolls (Bailey)
  A howler monkey skeleton (D:7)
  A howler monkey zombie (D:9)
  9 adders
  5 shadow imps
  A white imp (D:8)
  An ufetubus (D:8)
  An adder zombie (D:9)
  An adder skeleton (D:5)
  4 worms
  A dart slug (D:1)
  5 leopard geckos
  33 orcs
  6 bats
  6 giant cockroaches
  17 hobgoblins
  3 jackals
  7 quokkas
  A ball python (D:2)
  A ball python skeleton (D:6)
  5 frilled lizards
  15 goblins
  2 hobgoblin zombies (Ossuary)
  A jackal simulacrum (D:8)
  14 kobolds
  3 kobold zombies (Ossuary)
  A leopard gecko simulacrum (D:8)
  2 orc zombies (Ossuary)
  3 quokka skeletons
  2 quokka zombies
  8 rats
  A fungus (D:6)
500 creatures vanquished.

Vanquished Creatures (collateral kills)
  A dancing weapon (D:14)
  A spriggan (Lair:3)
  A crimson imp (D:14)
3 creatures vanquished.

Vanquished Creatures (others)
  An ettin (D:14)
  A two-headed ogre (D:11)
  A centaur warrior (D:15)
  A skeletal warrior (D:15)
  5 ugly things (D:15)
  2 manticores
  2 spiny frogs
  A gargoyle (D:15)
  A yaktaur (D:15)
  A tengu conjurer (D:12)
  2 komodo dragons
  A polar bear (Lair:3)
  4 trolls
  A wyvern (D:9)
  10 yaks
  A vampire mosquito (D:14)
  A water moccasin (Lair:1)
  A sky beast (D:11)
  A slave (D:8)
  A centaur (D:13)
  3 crocodiles
  4 killer bees
  A wight (D:8)
  An orc wizard (D:13)
  An iguana (D:13)
  A hound skeleton (D:9)
  An adder (D:12)
  2 white imps (D:8)
  3 jackals (D:8)
  A kobold (D:13)
  3 fungi (Lair:3)
  9 plants
69 creatures vanquished.

Grand Total: 572 creatures vanquished

Notes
Turn   | Place    | Note
-------+----------+-------------------------------------------
     0 | D:1      | Zanta616 the Spriggan Venom Mage began the quest for the
                  | Orb.
     0 | D:1      | Reached XP level 1. HP: 9/9 MP: 5/5
   156 | D:1      | Reached XP level 2. HP: 14/14 MP: 0/6
   602 | D:1      | Reached skill level 1 in Fighting
  1339 | D:2      | Noticed a howler monkey
  1366 | D:1      | Killed a howler monkey
  1366 | D:1      | Reached XP level 3. HP: 18/18 MP: 3/8
  1366 | D:1      | Reached XP level 4. HP: 22/22 MP: 3/9
  1370 | D:1      | Learned a level 2 spell: Poisonous Vapours
  1597 | D:2      | Reached skill level 4 in Stealth
  2494 | D:2      | HP: 1/23 [worm (11)]
  2840 | D:2      | Found a burning altar of Makhleb.
  2845 | D:2      | Reached XP level 5. HP: 25/26 MP: 11/11
  3186 | D:3      | Learned a level 3 spell: Mephitic Cloud
  3844 | D:4      | Noticed Ijyb
  3852 | D:4      | Killed Ijyb
  3929 | D:4      | Reached XP level 6. HP: 6/32 MP: 12/12
  4442 | D:4      | Reached skill level 1 in Short Blades
  4465 | D:5      | Entered Level 5 of the Dungeon
  4734 | D:4      | Reached skill level 5 in Stealth
  4954 | D:5      | Found a shattered altar of Ashenzari.
  4997 | D:5      | Noticed a water moccasin
  5023 | D:5      | Noticed an ice beast
  5099 | D:4      | Killed an ice beast
  5099 | D:4      | Reached skill level 5 in Dodging
  5099 | D:4      | Reached XP level 7. HP: 25/36 MP: 0/14
  6010 | D:5      | Reached skill level 6 in Stealth
  6503 | D:5      | Reached skill level 5 in Spellcasting
  6762 | D:5      | Reached XP level 8. HP: 42/42 MP: 16/16
  6778 | D:5      | Found a staircase to the Ecumenical Temple.
  6790 | Temple   | Entered the Ecumenical Temple
  6981 | Temple   | Became a worshipper of Dithmenos the Shadowed
  7392 | D:6      | Got a warped whip
  7393 | D:6      | Identified the +7 whip of Trog's Regard {speed, rPois rC+
                  | Dex+4} (You found it on level 6 of the Dungeon)
  7661 | D:6      | Reached skill level 5 in Poison Magic
  7708 | D:6      | Reached skill level 7 in Stealth
  8070 | D:6      | Found a runed translucent door.
  8071 | D:6      | Noticed Crazy Yiuf
  8081 | D:6      | Killed Crazy Yiuf
  8403 | D:7      | Reached skill level 5 in Fighting
  8417 | D:7      | Reached XP level 9. HP: 37/47 MP: 13/19
  8449 | D:7      | Reached skill level 8 in Stealth
  8463 | D:7      | Reached * piety under Dithmenos
  9243 | D:8      | Noticed a polar bear
  9265 | D:8      | Found a sand-covered staircase.
  9276 | Ossuary  | Entered an ossuary
  9326 | Ossuary  | Reached skill level 5 in Short Blades
  9395 | Ossuary  | Reached skill level 9 in Stealth
  9800 | D:8      | Noticed a polar bear
  9965 | D:8      | Killed a polar bear
 10043 | D:8      | Killed a polar bear
 10134 | D:8      | Noticed Harold
 10201 | D:8      | Noticed a polar bear
 10240 | D:8      | Killed a polar bear
 10240 | D:8      | Reached XP level 10. HP: 50/51 MP: 16/22
 10374 | D:8      | Reached ** piety under Dithmenos
 10408 | D:8      | Noticed Pikel
 10430 | D:8      | Killed Pikel
 10430 | D:8      | Reached skill level 10 in Stealth
 10430 | D:8      | Reached skill level 1 in Evocations
 10605 | D:7      | Killed Harold
 10983 | D:8      | Reached skill level 1 in Maces & Flails
 11061 | D:8      | Found a snail-covered altar of Cheibriados.
 11062 | D:8      | Found a basalt altar of Yredelemnul.
 11063 | D:8      | Found a sacrificial altar of Ru.
 11063 | D:8      | Found a blossoming altar of Fedhas.
 11063 | D:8      | Found an ornate altar of the Wu Jian Council.
 11064 | D:8      | Found an iron altar of Okawaru.
 11065 | D:8      | Found a deep blue altar of Sif Muna.
 11068 | D:8      | Found a glowing silver altar of Zin.
 11176 | D:9      | Found a flagged portal.
 11221 | Bailey   | Entered a bailey
 11485 | Bailey   | Found an iron altar of Okawaru.
 11521 | Bailey   | Noticed an orc knight
 11534 | Bailey   | Noticed an orange demon
 11535 | Bailey   | Noticed a soul eater
 11550 | Bailey   | Killed an orc knight
 11563 | Bailey   | Reached skill level 10 in Dodging
 11643 | Bailey   | Noticed an orc knight
 11686 | Bailey   | Killed an orc knight
 11781 | Bailey   | Reached XP level 11. HP: 42/56 MP: 24/24
 11829 | Bailey   | Learned a level 4 spell: Olgreb's Toxic Radiance
 11999 | Bailey   | Reached skill level 11 in Stealth
 12186 | Bailey   | Reached *** piety under Dithmenos
 12242 | D:9      | Got an ichor-stained quick blade
 12243 | D:9      | Identified the +4 quick blade "Beetle's Demise" {distort,
                  | rPois MP-9 Str+5 Int+4} (You acquired it on level 9 of the
                  | Dungeon)
 12574 | D:8      | Reached skill level 1 in Air Magic
 13131 | D:10     | Entered Level 10 of the Dungeon
 13148 | D:10     | Found a staircase to the Orcish Mines.
 13308 | D:10     | Reached **** piety under Dithmenos
 13336 | D:10     | Reached skill level 1 in Conjurations
 13370 | D:10     | Found a hide-covered altar of Uskayaw.
 13566 | D:10     | Reached skill level 5 in Evocations
 13605 | D:10     | Learned a level 5 spell: Venom Bolt
 13791 | D:11     | Noticed a cyan ugly thing
 13798 | D:11     | Killed a cyan ugly thing
 13817 | D:11     | Noticed a two-headed ogre
 13868 | D:11     | Killed a two-headed ogre
 13955 | D:11     | Noticed Sonja
 13957 | D:11     | Killed Sonja
 13979 | D:11     | Found a staircase to the Lair.
 13993 | D:11     | Reached skill level 12 in Stealth
 14103 | D:11     | Noticed Josephine
 14111 | D:11     | Killed Josephine
 14120 | D:11     | Reached XP level 12. HP: 62/62 MP: 16/25
 14280 | D:11     | Noticed a two-headed ogre
 14287 | D:11     | Banished a two-headed ogre
 15153 | D:12     | Reached ***** piety under Dithmenos
 15309 | D:12     | Learned a level 4 spell: Petrify
 15435 | D:12     | Noticed Erolcha
 15439 | D:12     | Killed Erolcha
 15948 | D:13     | Noticed a death knight
 15967 | D:13     | Noticed Rupert
 15967 | D:13     | Noticed Frances
 16135 | D:13     | Noticed a centaur warrior
 16181 | D:13     | Killed a centaur warrior
 16651 | D:13     | Killed Frances
 16651 | D:13     | Reached skill level 10 in Short Blades
 16707 | D:13     | Noticed Snorg
 16714 | D:13     | Killed Snorg
 16714 | D:13     | Reached XP level 13. HP: 68/68 MP: 11/26
 16940 | D:13     | Banished Rupert
 17680 | D:14     | Found a gate to the Vaults.
 17681 | D:14     | Reached skill level 1 in Transmutations
 17696 | D:14     | Reached skill level 1 in Earth Magic
 17702 | D:14     | Reached skill level 1 in Invocations
 17782 | D:14     | Reached skill level 1 in Armour
 18466 | D:14     | Found a gate to the Vaults.
 19008 | D:14     | Found a gate to the Vaults.
 19319 | D:15     | Entered Level 15 of the Dungeon
 19599 | D:14     | Found a gate to the Vaults.
 20244 | D:14     | Found a gate to the Vaults.
 20595 | D:15     | Reached skill level 1 in Long Blades
 20766 | D:15     | Noticed an ettin
 20772 | D:15     | Found a staircase to the Depths.
 20783 | D:14     | Banished an ettin
 21330 | D:15     | Reached skill level 13 in Stealth
 21806 | Lair:1   | Entered Level 1 of the Lair of Beasts
 21901 | Lair:1   | Noticed vishdafish's ghost (journeyman GnSk)
 21975 | Lair:1   | Found a runed translucent gate.
 21975 | Lair:1   | Found a runed translucent gate.
 21977 | Lair:1   | Found a runed translucent gate.
 22022 | Lair:1   | Reached XP level 14. HP: 75/75 MP: 18/27
 22099 | Lair:1   | Found a snail-covered altar of Cheibriados.
 22228 | Lair:1   | Reached skill level 5 in Transmutations
 22327 | Lair:1   | Learned a level 1 spell: Confusing Touch
 22761 | Lair:2   | Learned a level 1 spell: Apportation
 22774 | Lair:2   | Noticed Urug
 22798 | Lair:2   | Killed Urug
 23021 | Lair:2   | Noticed Fannar
 23130 | Lair:2   | Reached ****** piety under Dithmenos
 23302 | Lair:2   | You fall through a shaft!
 23697 | Lair:2   | Killed Fannar
 23855 | Lair:3   | Found a glowing golden altar of the Shining One.
 24166 | Lair:3   | Found a runed translucent door.
 24167 | Lair:3   | Noticed Efyw's ghost (journeyman MiFi)
 24392 | Lair:3   | Identified the +5 trident "Xaluc" {pierce, *Drain Dex+3}
 24450 | Lair:3   | HP: 3/76 [hornet (7)]
 24450 | Lair:3   | Mangled by a spriggan rider

Skill      XL: |  1  2  3  4  5  6  7  8  9 10 11 12 13 14 |
---------------+-------------------------------------------+-----
Spellcasting   | 3 4 5 6 7 8 |  8.1
Fighting       | 1 2 3 4 5 6 8 9 |  9.9
Stealth        | 4 5 6 7 9 10 12 13 | 13.8
Dodging        | 4 5 7 8 10 11 12 | 12.0
Short Blades   | 1 2 4 5 6 8 10 | 10.0
Poison Magic   | 4 5 6 7 8 |  8.0
Evocations     | 3 6 8 |  8.0
Maces & Flails | 1 2 |  2.3
Air Magic      | 3 4 |  4.0
Conjurations   | 2 4 |  4.0
Transmutations | 4 6 |  6.3
Earth Magic    | 3 4 |  4.0
Invocations    | 3 4 |  4.8
Armour         | 2 3 |  3.6
Long Blades    | 2 3 |  3.6

Action                   |  1- 3 |  4- 6 |  7- 9 | 10-12 | 13-15 || total
-------------------------+-------+-------+-------+-------+-------++-------
Melee: Unarmed           |     9 |       |       |       |       ||     9
       Whip              |    43 |       |   317 |   306 |       ||   666
       Dagger            |    35 |   189 |   203 |       |       ||   427
       Quick blade       |       |       |       |   676 |   902 ||  1578
Throw: Throwing net      |       |       |       |     1 |       ||     1
 Cast: Sting             |    22 |    26 |    14 |    13 |     4 ||    79
       Poisonous Vapours |       |    24 |    31 |    12 |     5 ||    72
       Mephitic Cloud    |       |       |       |    17 |     2 ||    19
       Olgreb's Toxic Ra |       |       |       |    11 |     7 ||    18
Invok: Shadow Step       |       |       |       |     4 |       ||     4
Evoke: Wand              |       |       |     1 |     6 |     2 ||     9
       Box of beasts     |       |       |       |       |     2 ||     2
  Use: Scroll            |       |     3 |    13 |    18 |     7 ||    41
       Potion            |       |       |     4 |     8 |     2 ||    14
 Stab: Sleeping          |     3 |    14 |     8 |    50 |    31 ||   106
       Distracted        |       |     1 |       |     4 |     7 ||    12
       Confused          |       |       |       |    18 |     3 ||    21
  Eat: Ration            |       |     2 |     3 |     4 |     4 ||    13
Armor: Robe              |    11 |    19 |    84 |    16 |       ||   130
       Troll leather arm |       |       |       |    20 |    42 ||    62
       Skin              |       |       |       |     1 |       ||     1
Dodge: Dodged            |    74 |   125 |   537 |   572 |   350 ||  1658
